 Dungeon Crawl Stone Soup version 0.29.1-15-g9cfb28693d (webtiles) character file.

Game seed: 9998340223860617724

1558307 Zeldest the Acrobat (level 27, 201/227 (228) HPs)
             Began as a Djinni Hunter on Sept 11, 2022.
             Was the Champion of Ashenzari.
             Escaped with the Orb
             ... and 3 runes on Apr 7, 2023!
             The game lasted 05:36:44 (74801 turns).

Zeldest the Acrobat (Djinni Hunter)                Turns: 74801, Time: 05:36:44

HP:   201/227 (228) AC: 32    Str: 14    XL:     27
Gold: 4399          EV: 35    Int: 16    God:    Ashenzari [******] SH:  5 Dex: 34

rFire   + . .      SeeInvis +   E - +10 arbalest "Thunder Perfect Mind" {vorpal, rPois Dex+3, Self, Range} (curse)
rCold   + + +      Faith    .   (shield currently unavailable)
rNeg    . . .      Spirit   .   D - +3 ice dragon scales "Restrained Doubts" {rF- rC++, Cun, Self} (curse)
rPois   ∞          Reflect  +   R - +3 crown of Dyrovepreva {rElec Int+2 SInv, Range, Self} (curse)
rElec   +          Harm     .   U - +4 dragonskin cloak {Fort, Cun} (curse)
rCorr   .          Rampage  .   P - +1 pair of gloves of the Ruined Serendipity {Dex+3, Evo, Range} (curse)
Will    +++++      Clarity  +   (boots unavailable)
Stlth   +.........              T - amulet of Apeoromancy {Reflect SH+5, Cun, Evo} (curse)
HPRegen 0.47/turn               J - ring "Bound Fortune-Teller" {Contam +Blink rC+ Will+ Dex+6, Range, Evo} (curse)
MPRegen 0.00/turn               M - ring of Panopticon {rElec rC+ Will++ Dex-4 SInv, Self, Evo} (curse)

@: flying, lightly drained
A: sickness immunity, fire resistance 2, cold vulnerability 1, float, innate
caster, HP casting, extra vitality 1, strong 1, evolution 1
0: Orb of Zot
}: 3/15 runes: decaying, silver, gossamer
a: Renounce Religion, Evoke Blink, Shatter the Chains


You escaped.
You worshipped Ashenzari.
Ashenzari was exalted by your worship.
You visited 10 branches of the dungeon, and saw 46 of its levels.
You visited the Abyss 1 time.
You also visited: Bailey and Desolation.

You collected 5515 gold pieces.
You spent 1116 gold pieces at shops.

Inventory:

Hand Weapons
 E - the cursed +10 arbalest "Thunder Perfect Mind" (weapon) {vorpal, rPois Dex+3, Self, Range}
   (You found it on level 3 of the Lair of Beasts)

   Any ammunition fired from it inflicts extra damage upon your enemies.
   Dex:       It affects your dexterity (+3).
   rPois:     It protects you from poison.
   It has a curse which improves the following skills: Introspection: Fighting
   and Spellcasting.
   Ranged Combat: Ranged Weapons and Throwing.
 Q - a +8 longbow of flaming
Missiles
 H - a throwing net
Armour
 D - the cursed +3 ice dragon scales "Restrained Doubts" (worn) {rF- rC++, Cun, Self}
   (You found it on level 15 of the Dungeon)

   rF:        It makes you vulnerable to fire.
   rC:        It greatly protects you from cold.
   It has a curse which improves the following skills: Cunning: Dodging and
   Stealth.
   Introspection: Fighting and Spellcasting.
 N - the +6 plate armour of the Sun {rC++ Regen+}
   (You found it on level 1 of the Vaults)

   rC:        It greatly protects you from cold.
   Regen:     It increases your rate of health regeneration.
 P - the cursed +1 pair of gloves of the Ruined Serendipity (worn) {Dex+3, Evo, Range}
   (You bought it in a shop on level 2 of the Orcish Mines)

   It has a curse which improves the following skills: Evocations: Evocations.
   Ranged Combat: Ranged Weapons and Throwing.
 R - the cursed +3 crown of Dyrovepreva (worn) {rElec Int+2 SInv, Range, Self}
   (You found it on level 4 of the Spider Nest)

   Int:       It affects your intelligence (+2).
   rElec:     It insulates you from electricity.
   SInv:      It lets you see invisible.
   It has a curse which improves the following skills: Ranged Combat: Ranged
   Weapons and Throwing.
   Introspection: Fighting and Spellcasting.
 U - the cursed +4 dragonskin cloak (worn) {Fort, Cun}
   (You took it off Tiamat on level 2 of the Realm of Zot)

   It grants the wearer a chance to resist fire, cold, poison, electricity,
   acid, and negative energy.
   It has a curse which improves the following skills: Fortitude: Armour and
   Shields.
   Cunning:   Dodging and Stealth.
Jewellery
 q - a ring of protection from cold
 t - a ring of positive energy
 w - a +6 ring of strength
 A - a ring of wizardry
 J - the cursed ring "Bound Fortune-Teller" (left hand) {Contam +Blink rC+ Will+ Dex+6, Range, Evo}
   (You took it off a yaktaur on level 5 of the Vaults)

   [ring of dexterity]

   Dex:       It affects your dexterity (+6).
   rC:        It protects you from cold.
   +Blink:    It lets you blink.
   Contam:    It causes magical contamination when unequipped.
   Will:      It increases your willpower.
   It has a curse which improves the following skills: Ranged Combat: Ranged
   Weapons and Throwing.
   Evocations: Evocations.
 M - the cursed ring of Panopticon (right hand) {rElec rC+ Will++ Dex-4 SInv, Self, Evo}
   (You found it on level 4 of the Swamp)

   [ring of protection from cold]

   Dex:       It affects your dexterity (-4).
   rC:        It protects you from cold.
   rElec:     It insulates you from electricity.
   SInv:      It lets you see invisible.
   Will:      It greatly increases your willpower.
   It has a curse which improves the following skills: Introspection: Fighting
   and Spellcasting.
   Evocations: Evocations.
 T - the cursed amulet of Apeoromancy (around neck) {Reflect SH+5, Cun, Evo}
   (You found it on level 1 of the Swamp)

   [amulet of reflection]

   It reflects blocked missile attacks.
   SH:        It affects your SH (+5).
   It has a curse which improves the following skills: Cunning: Dodging and
   Stealth.
   Evocations: Evocations.
Wands
 v - a wand of flame (40)
 z - a wand of quicksilver (10)
 C - a wand of mindburst (25)
 F - a wand of paralysis (34)
 L - a wand of polymorph (14)
 O - a wand of iceblast (18)
Scrolls
 b - 7 scrolls of immolation
 e - 2 scrolls of poison
 i - 7 scrolls of torment
 k - 14 scrolls of teleportation
 n - 3 scrolls of butterflies
 s - 3 scrolls of brand weapon
 y - 6 scrolls of silence
 I - 4 scrolls of magic mapping
 S - 3 scrolls of fear
Potions
 a - a potion of invisibility
 c - 7 potions of lignification
 d - 11 potions of attraction
 f - 3 potions of ambrosia
 h - 4 potions of curing
 j - a potion of berserk rage
 m - 4 potions of resistance
 u - 4 potions of might
 G - 6 potions of mutation
 K - a potion of brilliance
Miscellaneous
 g - a phial of floods
 o - a box of beasts
 r - a condenser vane


   Skills:
 + Level 21.3(27) Fighting
 - Level 15.8(21.9) Ranged Weapons
 + Level 18.7(21.1) Armour
 + Level 22.2(26.9) Dodging
 - Level 0.7(3.0) Stealth
 + Level 17.5(23.5) Spellcasting
 + Level 15.8(21.9) Evocations


You had 2 spell levels left.
You knew the following spells:

 Your Spells              Type           Power      Damage    Failure   Level
a - Summon Small Mammal   Summ           100%       N/A       0%          1
b - Poisonous Vapours     Pois/Air       100%       N/A       0%          2
c - Mephitic Cloud        Conj/Pois/Air  76%        N/A       0%          3
d - Leda's Liquefaction   Hex/Erth       38%        N/A       0%          4
e - Lightning Bolt        Conj/Air       38%        1d56      0%          5
f - Blade Hands           Tmut           38%        N/A       0%          5
g - Death Channel         Necr           38%        N/A       1%          6
h - Haunt                 Necr/Summ      38%        N/A       1%          7
i - Simulacrum            Ice/Necr       38%        N/A       1%          6
j - Ozocubu's Refrigerat  Ice            38%        4d15      1%          7
k - Discord               Hex            38%        N/A       2%          8
l - Lehudib's Crystal Sp  Conj/Erth      38%        10d9      2%          8
m - Death's Door          Necr           38%        N/A       36%         9
Your spell library was empty.

Dungeon Overview and Level Annotations

Branches:
Dungeon (15/15)            Temple (0/1) D:7            Lair (5/5) D:11
  Swamp (4/4) Lair:3       Spider (4/4) Lair:3        Slime (0/5) Lair:5
    Orc (2/2) D:9             Elf (1/3) Orc:2        Vaults (5/5) D:13
  Crypt (1/3) Vaults:3     Depths (4/4) D:15            Zot (5/5) Depths:4
 Bailey (visited)         Desolation (visited)

Altars:
Ashenzari
Cheibriados
Dithmenos
Elyvilon
Hepliaklqana
Nemelex Xobeh
Trog
Xom
Zin
The Shining One
Jiyva

Shops:
D:1 :   D:9 :   Orc:2 [[!(   Vaults:4 *

Portals:
Hell: Depths:1 Depths:2 Depths:4
Pandemonium: Depths:1 Depths:2

Annotations:
D:4 1 runed translucent door, Persephone's ghost, amateur MiHu
D:7 1 runed translucent door, 1 exclusion, Crazy Yiuf
D:12 3 runed translucent doors, Wyet's ghost, journeyman HOFi
Lair:2 exclusion: door
Lair:5 exclusion: 3 doors
Spider:1 1 runed translucent door, Anuqaetage's ghost, adept HOFi
Orc:1 2 transporters, Datul's ghost, journeyman GnAM
Vaults:2 exclusion: door
Vaults:4 exclusion: door, Boris
Depths:2 exclusion: downstairs
Depths:3 Vv


Innate Abilities, Weirdness & Mutations

You are immune to sickness and miasma.
You are immune to poison.
Your flesh is very heat resistant. (rF++)
You are vulnerable to cold. (rC-)
You float through the air rather than walking.
You learn spells naturally, not from books.
Your magical power is your life essence.
You have superior vitality. (+4 MHP)
Your muscles are strong. (Str +4, Int/Dex -1)
You have hidden genetic potential.


Message History

A hellion comes into view.
The hellion gestures at you.
The sphere of damnation explodes!
The damnation engulfs you!!
You fly upwards.
There is a stone staircase leading down here.
(D) Dungeon (T) Temple (L) Lair (S) Swamp (N) Spider Nest (M) Slime Pits (O) Orcish Mines (E) Elven Halls (V) Vaults (C) Crypt (U) Depths (H) Hell (Z) Zot
Where to? (Enter - D:1, ? - help)
What level of the Dungeon? (default 1, ? - help)
There is an open door here.
A hellion comes into view.
There is an open door here.
Fire: E) +10 arbalest "Thunder Perfect Mind" {vorpal, rPois Dex+3, Self, Range} (curse)
Press: ? - help, Q - select action, (/) - cycle Shift-Dir - straight line, f - hellion
Aim: a hellion (82% to hit)
You shoot a bolt. The bolt hits the hellion!
The hellion is heavily wounded.
Fire: E) +10 arbalest "Thunder Perfect Mind" {vorpal, rPois Dex+3, Self, Range} (curse)
Press: ? - help, Q - select action, (/) - cycle Shift-Dir - straight line, f/p - hellion
Aim: a hellion (heavily wounded, 82% to hit)
You shoot a bolt. The bolt hits the hellion!
The hellion is severely wounded.
The hellion gestures at you.
The sphere of damnation explodes!
The damnation engulfs you!!
Fire: E) +10 arbalest "Thunder Perfect Mind" {vorpal, rPois Dex+3, Self, Range} (curse)
Press: ? - help, Q - select action, (/) - cycle Shift-Dir - straight line, f/p - hellion
Aim: a hellion (severely wounded, 82% to hit)
You shoot a bolt. The bolt hits the hellion!!
You kill the hellion!
You reach down and open the door.
There is an open door here.
A Tzitzimitl comes into view.
The Tzitzimitl moves out of view.
There is an escape hatch in the ceiling here.
A mysterious force pulls you upwards. The hatch slams shut behind you.
There is an open door here.
There is a staircase leading out of the dungeon here.
You have escaped!

#.#.#.# #. #.#.#.###############
* #. #.#.#....#≈≈≈#~..#≈~# #####'
#.#.÷..#.##≈≈#...#.~###* #.....
#.#....#.#≈≈~.......~≈## #.....
#.#....#.##~.........~~## #.....
#†#....#(~~....~~~....~~####.....
#.#....#.~....~...~....~.........
..####.#......~.@.~.......#######
### ##.#.~....~...~....~#.#
.#####.#.~~....~~~....~~#.#######
....{{.#.##~.........~≈##........
......##.#≈≈~.......~≈≈####.....[
...{.{.#.#≈≈≈~..#..~#≈≈# #......
.......#.#≈#≈≈####~≈#≈≈# #......
.....#.#.###### ####### #......
####.#.#.#### #......


There were no monsters in sight!

Vanquished Creatures
  A dread lich (Zot:5)
  An orb of fire (Zot:5)
  An ancient lich (Zot:5)
  Sojobo (Vaults:5)
  the Lernaean hydra (Swamp:4)
  5 Killer Klowns (Zot:5)
  A Brimstone Fiend (D:9)
  A bone dragon (Abyss:3)
  Rupert (Lair:4)
  2 electric golems
  3 tentacled monstrosities
  Zenata (Vaults:1)
  4 Orb Guardians
  A Hell Sentinel (Zot:1)
  2 quicksilver dragons
  A sphinx (shapeshifter) (Vaults:5)
  2 tengu reavers
  A tentacled starspawn (Abyss:2)
  A shadow dragon (Zot:4)
  3 death cobs
  An Executioner (D:3)
  Kirke (D:15)
  4 storm dragons
  A sphinx (Vaults:3)
  A draconian monk (Depths:4)
  A revenant (Crypt:1)
  3 draconian knights
  A deep elf sorcerer (Vaults:5)
  A fenstrider witch (Swamp:3)
  3 fire giants
  An iron dragon (Vaults:5)
  2 imperial myrmidons (Desolation)
  A frost giant (Vaults:5)
  A balrug (Depths:1)
  9 vault wardens
  5 emperor scorpions
  Louise (D:15)
  An orc warlord (Orc:1)
  2 angels
  A draconian shifter (Zot:1)
  10 ironbound preservers
  A curse skull (Crypt:1)
  4 ghouls
  A deep elf elementalist (Abyss:3)
  6 ghost moths
  2 war gargoyles
  9 very ugly things
  2 vampire knights
  Azrael (Spider:2)
  Nessos (D:15)
  4 ironbound thunderhulks
  An entropy weaver (Vaults:3)
  2 green draconians
  A demonspawn black sun (D:10)
  4 black draconians
  2 eleionomae
  A deep elf demonologist (Vaults:5)
  4 bunyips
  A white draconian (Zot:2)
  A yellow draconian (Zot:5)
  6 dire elephants
  Snorg (Lair:4)
  A purple draconian (Zot:4)
  3 spark wasps
  A deep elf death mage (Crypt:1)
  8 ettins
  2 great orbs of eyes
  2 ragged hierophants (Desolation)
  A jiangshi (Vaults:3)
  6 yaktaur captains
  2 fire dragons
  A shambling mangrove (Swamp:3)
  4 peacekeepers (Desolation)
  2 rakshasas
  3 ice dragons
  2 servants of whispers (Desolation)
  2 spriggan skeletons (Depths:1)
  2 ghost crabs
  2 vault guards
  An ogre mage (Vaults:5)
  3 radroaches
  A caustic shrike simulacrum (Depths:1)
  2 boulder beetles
  5 ironbound frosthearts
  A hell beast (Zot:2)
  4 centaur warriors
  16 hydras
  A jorogumo (Spider:4)
  A spriggan air mage (Depths:4)
  5 two-headed ogres
  A death knight (Crypt:1)
  A deep troll shaman (Depths:2)
  A vampire mage (Depths:1)
  4 alligators (Swamp:3)
  2 deep troll earth magi
  3 death yaks (D:11)
  2 hell knights
  4 sun demons
  An orc high priest (Orc:2)
  Amaemon (Lair:3)
  8 spriggans
  2 pharaoh ants
  8 skeletal warriors
  A sixfirhy (Abyss:3)
  Lodul (D:11)
  A steelbarb worm (shapeshifter) (D:15)
  4 goliath frogs
  6 spriggan druids
  4 steelbarb worms
  A spark wasp zombie (Depths:2)
  8 swamp dragons
  4 sun moths
  10 orb spiders
  28 deep trolls
  4 glowing orange brains
  Pikel (D:7)
  2 flayed ghosts (Crypt:1)
  6 orc knights
  4 lindwurms
  A wizard (Vaults:2)
  5 ironbound convokers
  A deep elf pyromancer (D:14)
  2 phantasmal warriors
  13 bog bodies
  A harpy (Vaults:1)
  An orange crystal statue (Lair:4)
  3 necromancers
  A tengu skeleton (Depths:1)
  7 ugly things
  3 orc sorcerers
  13 wolf spiders
  An oklob plant (Orc:2)
  4 cyclopes
  5 will-o-the-wisps
  A worldbinder (Abyss:3)
  5 large abominations
  5 manticores
  11 moths of wrath
  Maurice (Orc:1)
  A nameless horror (Vaults:1)
  A rust devil (Depths:1)
  A smoke demon (Depths:1)
  2 torpor snails
  3 black mambas
  Joseph (D:7)
  2 molten gargoyles
  An eye of devastation (shapeshifter) (Depths:4)
  9 vault sentinels
  A gargoyle (D:12)
  12 cane toads
  3 hellions
  3 unseen horrors
  3 unseen horror zombies (D:9)
  2 efreet
  10 demonic crawlers
  4 rime drakes
  Psyche (D:8)
  A kobold demonologist (D:12)
  2 orange demons
  8 komodo dragons
  24 yaktaurs
  2 tengu conjurers (Depths:2)
  An ice devil (D:3)
  2 freezing wraiths
  8 meliai
  Prince Ribbit (D:8)
  9 trolls
  6 hornets
  A death drake zombie (Crypt:1)
  21 tarantellas
  2 harpy skeletons
  8 tyrant leeches
  26 saltlings (Desolation)
  A spectral elephant (Lair:5)
  2 polar bears (Lair:5)
  9 dream sheep
  20 slime creatures
  A spriggan zombie (Depths:1)
  7 blink frogs
  2 raiju (Abyss:3)
  6 flying skulls
  24 jumping spiders
  A shadow (D:13)
  A vampire (D:11)
  8 culicivoras
  3 water elementals
  4 wyverns
  Eustachio (D:6)
  11 wraiths
  4 basilisks
  24 yaks
  A yak (shapeshifter) (Vaults:1)
  4 fire elementals (D:15)
  8 golden eyes
  4 vampire mosquitoes (Swamp:2)
  2 wargs
  2 neqoxecs
  44 redbacks
  18 swamp worms
  A deep troll zombie (Crypt:1)
  14 water moccasins
  4 acid dragons
  3 hell hounds (Spider:2)
  Duvessa (D:6)
  A human skeleton (Depths:1)
  9 swamp drakes
  An ice beast (D:5)
  A hornet zombie (D:9)
  6 black bears
  10 ogres
  29 orc warriors
  9 wolves
  5 centaurs
  A dream sheep skeleton (Crypt:1)
  A phantom (D:6)
  3 kobold brigands
  13 bullfrogs
  2 scorpions (D:5)
  A deep troll simulacrum (Abyss:3)
  2 necrophages (Swamp:3)
  11 wights
  Dowan (D:6)
  A troll zombie (Crypt:1)
  2 small abominations
  7 electric eels
  4 howler monkeys
  A jelly (D:5)
  5 lava snakes
  4 centaur zombies (D:9)
  12 orc priests
  3 hounds (D:5)
  4 iguanas
  21 orc wizards
  3 hell rats (D:11)
  A killer bee zombie (D:9)
  2 howler monkey zombies (D:9)
  4 adders
  3 river rats (D:11)
  2 white imps
  2 ufetubi
  4 worms
  4 dart slugs
  67 orcs
  9 ball pythons
  5 bats
  5 endoplasms
  4 giant cockroaches
  5 goblins
  5 hobgoblins
  3 jackals (D:5)
  23 kobolds
  A quokka (D:2)
  A frilled lizard (D:2)
  10 rats
  A fire vortex (D:15)
1182 creatures vanquished.

Vanquished Creatures (collateral kills)
  Tiamat (Zot:2)
  8 dread liches
  2 orbs of fire (Zot:5)
  2 ancient liches (Zot:5)
  A juggernaut (Depths:2)
  A Killer Klown (Zot:4)
  A caustic shrike (Depths:2)
  4 curse toes
  Xtahua (Vaults:5)
  3 golden dragons
  Jory (Depths:2)
  Nikola (Swamp:3)
  2 Tzitzimimeh
  Jorgrun (Swamp:3)
  10 tentacled monstrosities
  4 liches
  22 Orb Guardians
  6 quicksilver dragons
  4 titans (Vaults:5)
  A sphinx (Vaults:3)
  9 tengu reavers
  2 death cobs
  8 shadow dragons
  6 storm dragons
  3 draconian monks
  A revenant (Crypt:1)
  2 draconian knights (Zot:1)
  6 fire giants
  7 frost giants
  4 draconian scorchers
  3 deep elf sorcerers (Vaults:5)
  An iron dragon (Depths:3)
  A balrug (Zot:1)
  8 vault wardens
  An orc warlord (Vaults:3)
  An angel (Vaults:2)
  2 ghost moths
  2 ghouls
  A curse skull (Crypt:1)
  6 draconian shifters
  7 draconian annihilators
  3 draconian stormcallers
  A war gargoyle (Vaults:4)
  A quicksilver ooze (shapeshifter) (Depths:2)
  14 ironbound preservers
  11 very ugly things
  3 ironbound thunderhulks
  5 stone giants
  A lorocyproca (Zot:4)
  9 black draconians
  A caustic shrike skeleton (Depths:2)
  3 eleionomae
  2 deep elf demonologists
  3 vampire knights
  A deep elf annihilator (Vaults:5)
  15 green draconians
  3 red draconians
  13 purple draconians
  2 dire elephants (Vaults:2)
  4 yellow draconians
  14 white draconians
  2 ettins
  An eidolon (Vaults:3)
  A deep elf death mage (Vaults:5)
  A jiangshi (Depths:2)
  2 crystal guardians (Desolation)
  3 fire dragons
  9 yaktaur captains
  26 vault guards
  A ragged hierophant (Desolation)
  3 great orbs of eyes
  A servant of whispers (Desolation)
  2 spriggan air magi
  An ice dragon (Depths:4)
  A rakshasa (Depths:2)
  2 peacekeepers
  A ghost crab (Swamp:1)
  10 ironbound frosthearts
  6 hydras
  A death knight (Crypt:1)
  2 alligators (Swamp:4)
  A jorogumo (Spider:4)
  A dancing weapon (Vaults:4)
  4 deep troll shamans
  2 tengu warriors
  2 deep troll earth magi
  4 hell knights
  3 vampire magi
  2 orc high priests (Orc:2)
  A sun demon (Depths:1)
  4 iron trolls
  A skeletal warrior (Crypt:1)
  4 pharaoh ants
  A cherub (D:12)
  34 deep trolls
  A goliath frog (Swamp:4)
  A flayed ghost (Depths:2)
  2 sun moths (Spider:4)
  3 steelbarb worms
  A swamp dragon (Swamp:4)
  3 bog bodies (Swamp:4)
  3 phantasmal warriors
  A glowing orange brain (Depths:2)
  7 lindwurms
  4 wizards
  15 ironbound convokers
  2 orc knights
  3 orc sorcerers (Orc:2)
  A tengu skeleton (Depths:1)
  3 harpies (Vaults:1)
  4 wolf spiders
  A faun (shapeshifter) (Vaults:5)
  5 necromancers
  5 moths of wrath
  A will-o-the-wisp (Swamp:3)
  14 ugly things
  A cyclops (D:13)
  7 vault sentinels
  A torpor snail (Spider:3)
  A hellion (Zot:5)
  A freezing wraith (Crypt:1)
  An unseen horror zombie (D:9)
  3 demonic crawlers
  29 yaktaurs
  2 tengu conjurers (Depths:2)
  3 meliai (Spider:3)
  2 tyrant leeches (Swamp:4)
  5 saltlings (Desolation)
  3 tarantellas
  19 slime creatures
  3 jumping spiders
  3 culicivoras (Spider:2)
  A spriggan (Swamp:3)
  A yak (D:9)
  2 golden eyes (Zot:2)
  8 redbacks
  3 vampire mosquitoes (D:13)
  3 swamp worms
  A tengu zombie (Depths:1)
  2 hell hounds (Spider:2)
  A swamp drake (Swamp:4)
  5 orc warriors
  A wyvern zombie (D:9)
  4 wights (D:9)
  A centaur zombie (D:9)
  An orc priest (Orc:2)
  An orc wizard (Orc:2)
  2 orcs (Orc:1)
607 creatures vanquished.

Vanquished Creatures (others)
  A tengu reaver (Vaults:5)
  A storm dragon (Vaults:5)
  A draconian knight (Zot:2)
  A draconian scorcher (Zot:5)
  A draconian stormcaller (Zot:2)
  A draconian annihilator (Zot:4)
  An ironbound preserver (Vaults:5)
  An eleionoma (Swamp:3)
  A green draconian (Zot:2)
  3 black draconians
  2 red draconians (Zot:2)
  A yellow draconian (Zot:2)
  4 vault guards (Vaults:5)
  A yaktaur captain (Vaults:5)
  An ironbound convoker (Vaults:5)
  2 moths of wrath
  A yaktaur (Vaults:5)
  A bloated husk (Swamp:4)
  14 foxfires
  25 fungi
  30 plants
  2 starspawn tentacles (Abyss:2)
  20 withered plants
116 creatures vanquished.

Grand Total: 1905 creatures vanquished

Notes
Turn   | Place    | Note
-------+----------+-------------------------------------------
     0 | D:1      | Zeldest the Djinni Hunter began the quest for the Orb.
     0 | D:1      | Reached XP level 1. HP: 18/18 MP: 0/0
   233 | D:1      | Reached XP level 2. HP: 20/23 MP: 0/0
   234 | D:1      | Reached skill level 1 in Spellcasting
   436 | D:1      | Found a faded altar of an unknown god.
   466 | D:1      | Found Kotuxt's Book Boutique.
   692 | D:1      | Reached XP level 3. HP: 29/29 MP: 0/0
   692 | D:1      | Learned a level 1 spell: Summon Small Mammal
  1222 | D:2      | Reached XP level 4. HP: 30/34 MP: 0/0
  2176 | D:3      | Found a snail-covered altar of Cheibriados.
  2226 | D:3      | Reached XP level 5. HP: 40/40 MP: 0/0
  2226 | D:3      | Learned a level 2 spell: Poisonous Vapours
  3642 | D:4      | Found a runed translucent door.
  3642 | D:4      | Noticed Persephone's ghost (amateur MiHu)
  3691 | D:4      | Noticed a black bear
  3692 | D:4      | Noticed a black bear
  3773 | D:5      | Entered Level 5 of the Dungeon
  3794 | D:5      | Identified the +1 robe "Reurin" {rF+}
  3841 | D:5      | Reached XP level 6. HP: 35/47 MP: 0/0
  4106 | D:5      | Found a hazy altar of Hepliaklqana.
  4109 | D:5      | Found a broken altar of Ashenzari.
  4115 | D:5      | Became a worshipper of Ashenzari the Shackled
  4224 | D:5      | Reached XP level 7. HP: 52/52 MP: 0/0
  4224 | D:5      | Learned a level 3 spell: Mephitic Cloud
  4534 | D:6      | Noticed Eustachio
  4691 | D:6      | Noticed a water moccasin
  4733 | D:6      | Reached skill level 5 in Fighting
  4733 | D:6      | Reached XP level 8. HP: 28/59 MP: 0/0
  4919 | D:6      | Noticed Duvessa
  4943 | D:6      | Killed Duvessa
  4944 | D:6      | Reached skill level 5 in Ranged Weapons
  4976 | D:6      | Noticed Dowan
  5792 | D:4      | Found a bloodstained altar of Trog.
  5920 | D:4      | Identified the +1 scale mail "Qoawukk" {rF+ SInv}
  6185 | D:6      | Killed Dowan
  6279 | D:6      | Killed Eustachio
  6532 | D:6      | Reached XP level 9. HP: 19/67 MP: 0/0
  6532 | D:6      | Learned a level 4 spell: Leda's Liquefaction
  7119 | D:7      | Noticed Joseph
  7189 | D:7      | Reached skill level 3 in Dodging
  7197 | D:7      | Reached skill level 5 in Spellcasting
  8068 | D:7      | Killed Joseph
  8069 | D:7      | Reached skill level 4 in Dodging
  8145 | D:7      | Found a runed translucent door.
  8146 | D:7      | Noticed Crazy Yiuf
  8188 | D:7      | Found a staircase to the Ecumenical Temple.
  8806 | D:7      | Reached * piety under Ashenzari
  9131 | D:7      | Reached XP level 10. HP: 36/76 MP: 0/0
  9586 | D:8      | Noticed Prince Ribbit
  9608 | D:8      | Killed Prince Ribbit
  9609 | D:8      | Reached skill level 5 in Dodging
  9704 | D:8      | Noticed Psyche
  9711 | D:8      | Killed Psyche
  9732 | D:8      | Identified the cursed +0 cloak of Curses and Power {Range,
                  | Evo} (You found it on level 2 of the Dungeon)
  9732 | D:8      | Identified the cursed +3 leather armour of the Cosmic Augur
                  | {rC+, Range, Self} (You took it off Duvessa on level 6 of
                  | the Dungeon)
  9736 | D:8      | Identified 2 scrolls of acquirement
  9748 | D:8      | Acquired 846 gold pieces
  9762 | D:8      | Reached ** piety under Ashenzari
  9762 | D:8      | Reached *** piety under Ashenzari
  9897 | D:8      | Noticed Pikel
  9942 | D:7      | Killed Pikel
 10286 | D:9      | Reached skill level 6 in Dodging
 10688 | D:9      | Reached XP level 11. HP: 84/85 MP: 0/0
 10688 | D:9      | Learned a level 5 spell: Lightning Bolt
 10956 | D:9      | Found a flagged portal.
 10962 | Bailey   | Entered a bailey
 11365 | Bailey   | Reached skill level 7 in Dodging
 11873 | Bailey   | Identified the +2 shortbow of Wuwkauzo {speed, rPois rF+
                  | Stlth+}
 11873 | Bailey   | Noticed an orc knight
 11911 | Bailey   | Killed an orc knight
 12061 | D:9      | Found a staircase to the Orcish Mines.
 12489 | D:9      | Reached skill level 8 in Dodging
 13108 | D:9      | Found Wieliobb's Book Boutique.
 13222 | D:9      | Found a shadowy altar of Dithmenos.
 13229 | D:9      | Acquired the +0 pair of gloves "Moiret" {Fly rElec rPois
                  | rF-}
 13276 | D:10     | Entered Level 10 of the Dungeon
 13349 | D:10     | Reached XP level 12. HP: 94/94 MP: 0/0
 13801 | D:11     | Reached skill level 10 in Fighting
 13834 | D:11     | Noticed a four-headed hydra
 13880 | D:11     | Found a staircase to the Lair.
 13892 | D:11     | Killed a four-headed hydra
 13911 | D:11     | Noticed a death yak
 14284 | D:11     | Noticed a seven-headed hydra
 14325 | D:11     | Killed a seven-headed hydra
 14326 | D:11     | Reached skill level 9 in Dodging
 14460 | D:11     | Noticed a two-headed ogre
 14470 | D:11     | Killed a two-headed ogre
 14681 | D:11     | Noticed a two-headed ogre
 14917 | D:11     | Killed a two-headed ogre
 15406 | D:11     | Noticed Lodul
 15418 | D:11     | Killed Lodul
 15728 | D:11     | Noticed a death yak
 15779 | D:11     | Noticed a death yak
 15791 | D:11     | Killed a death yak
 15792 | D:11     | Killed a death yak
 15794 | D:11     | Killed a death yak
 15795 | D:11     | Reached skill level 10 in Dodging
 15893 | Lair:1   | Entered Level 1 of the Lair of Beasts
 15893 | Lair:1   | Noticed a four-headed hydra
 16006 | D:11     | Noticed a two-headed ogre
 16060 | D:11     | Killed a two-headed ogre
 16061 | D:11     | Reached XP level 13. HP: 88/101 MP: 0/0
 16061 | D:11     | Learned a level 5 spell: Blade Hands
 16860 | D:11     | Killed a four-headed hydra
 17601 | Lair:1   | Reached skill level 10 in Ranged Weapons
 18344 | Lair:2   | Noticed an eight-headed hydra
 18360 | Lair:2   | Killed an eight-headed hydra
 19401 | Lair:3   | Identified the +10 arbalest "Polat" {vorpal, rPois Dex+3}
 19428 | Lair:3   | Reached skill level 11 in Dodging
 20199 | Lair:3   | Noticed Amaemon
 20203 | Lair:3   | Killed Amaemon
 20406 | Lair:3   | Found a hole to the Spider Nest.
 20531 | Lair:3   | Found a staircase to the Swamp.
 21017 | Lair:4   | Noticed Snorg
 21025 | Lair:4   | Killed Snorg
 21026 | Lair:4   | Reached XP level 14. HP: 112/112 MP: 0/0
 21122 | Lair:4   | Identified the +6 war axe of Impatience {spect, rF++ rN+}
 21365 | Lair:4   | Noticed Rupert
 21375 | Lair:4   | Paralysed by Rupert for 4 turns
 21379 | Lair:4   | Killed Rupert
 21460 | Lair:5   | Entered Level 5 of the Lair of Beasts
 21887 | Lair:5   | Noticed a dire elephant
 21887 | Lair:5   | Noticed a dire elephant
 21887 | Lair:5   | Noticed a dire elephant
 21887 | Lair:5   | Noticed a dire elephant
 21894 | Lair:5   | Noticed a dire elephant
 22048 | Lair:5   | Found a staircase to the Slime Pits.
 22048 | Lair:5   | Found a viscous altar of Jiyva.
 22056 | Lair:5   | Reached skill level 10 in Spellcasting
 22543 | D:12     | Found a runed translucent gate.
 22543 | D:12     | Found a runed translucent gate.
 22546 | D:12     | Noticed an acid blob
 22546 | D:12     | Noticed Wyet's ghost (journeyman HOFi)
 22547 | D:12     | Found a runed translucent gate.
 22547 | D:12     | Noticed an azure jelly
 22547 | D:12     | Noticed an acid blob
 22547 | D:12     | Noticed an azure jelly
 22548 | D:12     | Noticed an azure jelly
 22548 | D:12     | Noticed an acid blob
 22548 | D:12     | Noticed an acid blob
 22550 | D:12     | Found a viscous altar of Jiyva.
 24855 | D:14     | Reached XP level 15. HP: 118/118 MP: 0/0
 24855 | D:14     | Learned a level 6 spell: Death Channel
 25388 | Orc:1    | Entered Level 1 of the Orcish Mines
 25451 | Orc:1    | Found a transporter.
 25459 | Orc:1    | Found a one-way gate to the infinite horrors of the Abyss.
 25459 | Orc:1    | Noticed Datul's ghost (journeyman GnAM)
 25459 | Orc:1    | Noticed an orc warlord
 25530 | Orc:1    | Noticed Maurice
 25534 | Orc:1    | Killed Maurice
 25628 | Orc:1    | Noticed an orc warlord
 25650 | Orc:1    | Killed an orc warlord
 25802 | Orc:1    | Found a transporter.
 25924 | Orc:2    | Entered Level 2 of the Orcish Mines
 26057 | Orc:2    | Reached **** piety under Ashenzari
 26057 | Orc:2    | Reached ***** piety under Ashenzari
 26131 | Orc:2    | Found a staircase to the Elven Halls.
 26596 | Orc:2    | Reached skill level 12 in Dodging
 26807 | Orc:2    | Found Yghanar's Antique Armour Emporium.
 26807 | Orc:2    | Found Liroem's Armour Boutique.
 26809 | Orc:2    | Found Ylae's Antique Weapon Emporium.
 26809 | Orc:2    | Found Nejug's Distillery.
 26820 | Orc:2    | Bought a +1 pair of gloves of dexterity for 247 gold pieces
 26823 | Orc:2    | Bought a runed longbow for 313 gold pieces
 26825 | Orc:2    | Bought an ichor-stained scale mail for 225 gold pieces
 26825 | Orc:2    | Identified the +0 scale mail of the Wumpus {Drain rElec rN+
                  | Dex+4} (You bought it in a shop on level 2 of the Orcish
                  | Mines)
 26825 | Orc:2    | Bought a glowing hat for 175 gold pieces
 27533 | D:15     | Entered Level 15 of the Dungeon
 27827 | D:15     | Noticed Louise
 27831 | Abyss:2  | Cast into level 2 of the Abyss (Louise)
 27892 | Abyss:2  | Noticed a tentacled starspawn
 27907 | Abyss:2  | Killed a tentacled starspawn
 27916 | Abyss:2  | Found a corrupted altar of Lugonu.
 27923 | Abyss:3  | Found a corrupted altar of Lugonu.
 27927 | Abyss:3  | Noticed a deep elf elementalist
 27931 | Abyss:3  | Killed a deep elf elementalist
 27960 | Abyss:3  | Gained mutation: Your muscles are strong. (Str +4, Int/Dex
                  | -1) [a neqoxec]
 27961 | Abyss:3  | Noticed a bone dragon
 27976 | Abyss:3  | Killed a bone dragon
 28088 | Abyss:3  | Noticed a cacodemon
 28112 | Abyss:3  | Noticed a bone dragon
 28119 | D:15     | Escaped the Abyss
 28376 | D:15     | Killed Louise
 28876 | D:15     | Reached XP level 16. HP: 134/134 MP: 0/0
 28941 | D:15     | Noticed Kirke
 28946 | D:15     | Killed Kirke
 28946 | D:15     | Noticed Nessos
 28951 | D:15     | Killed Nessos
 29115 | D:15     | Identified the +4 scale mail of Patience {Harm Will- Int+4
                  | SInv}
 29228 | D:15     | Found a staircase to the Depths.
 29246 | D:15     | Identified the ring of Keqefaf {rN+ EV+4}
 30250 | Swamp:1  | Entered Level 1 of the Swamp
 30252 | Swamp:1  | Reached skill level 13 in Dodging
 30411 | Swamp:1  | Identified Sioluxkist's Compilation of the Lungs
 30788 | Spider:1 | Entered Level 1 of the Spider Nest
 30965 | Spider:1 | Upgraded the game from 0.29.0-13-gc9e81de378 to
                  | 0.29.1-1-gd02db6906a
 31094 | Spider:1 | Found a shimmering altar of Xom.
 31094 | Spider:1 | Found a runed translucent door.
 31094 | Spider:1 | Noticed Anuqaetage's ghost (adept HOFi)
 31659 | Spider:2 | Noticed Azrael
 31665 | Spider:2 | Killed Azrael
 32975 | Spider:2 | Identified the +5 steam dragon scales "Cessuira" {Rampage
                  | rF++ Str-5 SInv}
 32984 | Spider:2 | Reached XP level 17. HP: 139/139 MP: 0/0
 32984 | Spider:2 | Learned a level 7 spell: Haunt
 33045 | Spider:2 | Identified the +1 leather armour of Existentialism {Harm
                  | rPois rC+}
 33296 | Spider:2 | Reached skill level 14 in Dodging
 33300 | Spider:2 | Reached skill level 1 in Armour
 35737 | Spider:4 | Entered Level 4 of the Spider Nest
 37337 | Spider:4 | Found the +3 crown of Dyrovepreva {rElec Int+2 SInv}
 37353 | Spider:4 | Reached XP level 18. HP: 51/147 MP: 0/0
 37358 | Spider:4 | Reached skill level 5 in Armour
 37388 | Spider:4 | Got a gossamer rune of Zot
 37909 | Swamp:1  | Reached skill level 15 in Fighting
 38085 | Swamp:1  | Reached skill level 15 in Ranged Weapons
 38102 | Swamp:1  | Reached skill level 15 in Dodging
 38741 | Swamp:2  | Found a broken altar of Ashenzari.
 39598 | Swamp:3  | Noticed a tentacled monstrosity
 39609 | Swamp:3  | Killed a tentacled monstrosity
 39678 | Swamp:3  | Noticed Jorgrun
 39688 | Swamp:3  | Killed Jorgrun
 39848 | Swamp:3  | Reached skill level 1 in Evocations
 39882 | Swamp:3  | Noticed Nikola
 39887 | Swamp:3  | Reached ****** piety under Ashenzari
 39888 | Swamp:3  | Killed Nikola
 40039 | Swamp:4  | Entered Level 4 of the Swamp
 41089 | Swamp:4  | Reached XP level 19. HP: 156/156 MP: 0/0
 41089 | Swamp:4  | Learned a level 6 spell: Simulacrum
 41433 | Swamp:4  | Noticed the 27-headed Lernaean hydra
 41449 | Swamp:4  | Killed the 27-headed Lernaean hydra
 41468 | Swamp:4  | Got a decaying rune of Zot
 41482 | Swamp:4  | Identified the ring "Rutudd" {rElec rC+ Will++ Dex-4 SInv}
 42116 | Elf:1    | Entered Level 1 of the Elven Halls
 42445 | D:13     | Found a gate to the Vaults.
 42545 | Vaults:1 | Entered Level 1 of the Vaults
 42608 | Vaults:1 | Reached skill level 16 in Dodging
 43705 | Vaults:1 | Identified the +6 plate armour of the Sun {rC++ Regen+}
 43738 | Vaults:1 | Noticed Zenata
 43752 | Vaults:1 | Killed Zenata
 44035 | Vaults:1 | Identified the +0 chain mail of Votheite {rC- Str+10 Int+3
                  | SInv}
 44050 | Vaults:1 | Reached skill level 5 in Evocations
 44538 | Vaults:1 | Reached XP level 20. HP: 150/164 MP: 0/0
 45067 | Vaults:2 | Found a crumbling gateway.
 45087 | Vaults:2 | Found a white marble altar of Elyvilon.
 45087 | Vaults:2 | Found a glowing silver altar of Zin.
 45087 | Vaults:2 | Found a glowing golden altar of the Shining One.
 45336 | Desolati | Entered the Desolation of Salt
 45503 | Desolati | Identified the Catalogue of Twisted Forms
 45506 | Desolati | Identified the +1 robe "Boloumuz" {Dex+4}
 45631 | Desolati | Identified the ring of Pintassy {rElec Will- EV+4 Str-3
                  | Dex+10}
 45634 | Desolati | Identified the Catalogue of Frostbite and the Wayfarer
 45862 | Desolati | Identified the +11 dagger of Caupeg {freeze, Dex+4}
 46179 | Desolati | Found the +4 robe of Folly {Brilliance Will-∞ Int+8}
 46183 | Desolati | Identified Kikubaaqudgha's Compilation of Evil Arts
 46186 | Desolati | Identified the Catalogue of Wintry Imprecation
 46506 | Vaults:2 | HP: 2/166 [ironbound frostheart/creeping frost (30)]
 46928 | Vaults:2 | Upgraded the game from 0.29.1-1-gd02db6906a to
                  | 0.29.1-15-g9cfb28693d
 46951 | Vaults:2 | Reached skill level 17 in Dodging
 47966 | Vaults:2 | Identified Oryagy's Commentary on Ozone and Variation
 48091 | Vaults:2 | Reached XP level 21. HP: 172/174 MP: 0/0
 48091 | Vaults:2 | Learned a level 7 spell: Ozocubu's Refrigeration
 48235 | Vaults:2 | Reached skill level 10 in Armour
 50049 | Vaults:3 | Found a staircase to the Crypt.
 51285 | Vaults:4 | Noticed Boris
 51313 | Vaults:4 | Found Qitir's Assorted Antiques.
 51577 | Vaults:4 | Bought a scroll of teleportation for 78 gold pieces
 51577 | Vaults:4 | Bought a scroll of teleportation for 78 gold pieces
 51614 | Vaults:4 | Reached skill level 18 in Dodging
 51866 | Vaults:4 | Reached XP level 22. HP: 140/187 MP: 0/0
 52489 | Vaults:4 | Identified the +6 whip "Jerghoma" {holy, rN+ rCorr}
 53103 | Depths:1 | Entered Level 1 of the Depths
 53770 | Depths:1 | Found a gateway to Hell.
 53815 | Depths:1 | Found a sparkling altar of Nemelex Xobeh.
 54613 | Depths:1 | Reached skill level 10 in Evocations
 54700 | Depths:1 | Found a one-way gate leading to the halls of Pandemonium.
 54830 | Depths:1 | Reached skill level 15 in Spellcasting
 55296 | Depths:2 | Noticed a juggernaut
 55298 | Depths:2 | Noticed a caustic shrike
 55720 | Depths:2 | Noticed a caustic shrike
 55721 | Depths:2 | Identified the +1 ring mail "Huzuyso" {Contam rN+ Stlth+}
 56012 | Depths:2 | Killed a juggernaut
 56063 | Depths:2 | Reached XP level 23. HP: 82/195 MP: 0/0
 56063 | Depths:2 | Learned a level 8 spell: Discord
 56853 | Vaults:5 | Entered Level 5 of the Vaults
 56854 | Vaults:5 | Noticed Sojobo
 56858 | Vaults:5 | Reached skill level 19 in Dodging
 56911 | Vaults:5 | Identified the +4 troll leather armour "Agaweck Baug"
                  | {Regen+ Int+3 Dex+3}
 57648 | Vaults:5 | Killed Sojobo
 58213 | Vaults:5 | Noticed a dread lich
 58459 | Crypt:1  | Entered Level 1 of the Crypt
 59878 | Vaults:5 | Identified the +7 flail of Poan {venom, rC++}
 59878 | Vaults:5 | Noticed a dread lich
 59878 | Vaults:5 | Noticed a dread lich
 59985 | Vaults:5 | Identified the +0 scale mail of the Barnacle {Rampage Will+
                  | SInv}
 60022 | Vaults:5 | Identified the ring of Isejoz {Contam +Blink rC+ Will+
                  | Dex+6}
 60127 | Vaults:5 | Reached XP level 24. HP: 173/204 MP: 0/0
 60321 | Vaults:5 | Noticed Xtahua
 60329 | Vaults:5 | Killed Xtahua
 60690 | Vaults:5 | Identified the ring of Kuthih {rElec rPois rC++ Int-3
                  | Slay-6}
 60696 | Vaults:5 | Identified the +6 dagger of Lompiol {spect, Int+4 Dex+2}
 60747 | Vaults:5 | Killed a dread lich
 61152 | Vaults:5 | Killed a dread lich
 61213 | Vaults:5 | Noticed a juggernaut
 61213 | Vaults:5 | a rockslime changed into a juggernaut
 61218 | Vaults:5 | Noticed a caustic shrike
 61218 | Vaults:5 | a juggernaut changed into a caustic shrike
 61221 | Vaults:5 | a caustic shrike changed into a titan
 61728 | Vaults:5 | Killed a dread lich
 61851 | Vaults:5 | Got a silver rune of Zot
 61890 | Vaults:5 | Reached skill level 20 in Dodging
 62719 | Depths:3 | Noticed Jory
 63249 | Depths:3 | Noticed Vv
 63612 | Depths:2 | Killed Jory
 63913 | Depths:2 | Killed a caustic shrike
 64202 | Depths:4 | Entered Level 4 of the Depths
 64450 | Depths:4 | Found a gate to the Realm of Zot.
 64768 | Zot:1    | Entered Level 1 of the Realm of Zot
 65187 | Zot:1    | Noticed a curse toe
 65191 | Zot:1    | Killed a curse toe
 65192 | Zot:1    | Reached XP level 25. HP: 187/209 MP: 0/0
 65192 | Zot:1    | Learned a level 8 spell: Lehudib's Crystal Spear
 65194 | Zot:1    | Reached skill level 15 in Armour
 66055 | Zot:2    | Found the +4 dragonskin cloak
 66055 | Zot:2    | Noticed Tiamat
 66588 | Zot:2    | Killed Tiamat
 67003 | Zot:3    | Identified the +3 pair of boots "Nina" {rF+ Str+3}
 67323 | Zot:4    | Noticed a Killer Klown
 67333 | Zot:4    | Killed a Killer Klown
 67741 | Zot:4    | Reached skill level 21 in Dodging
 67806 | Zot:5    | Entered Level 5 of the Realm of Zot
 67833 | Zot:5    | Noticed a curse toe
 67850 | Zot:5    | Killed a curse toe
 68480 | Zot:5    | Reached XP level 26. HP: 197/216 MP: 0/0
 68508 | Zot:5    | Noticed a curse toe
 68523 | Zot:5    | Killed a curse toe
 69646 | Zot:5    | Noticed a dread lich
 69965 | Zot:5    | Noticed an ancient lich
 69966 | Zot:5    | Noticed a dread lich
 69969 | Zot:5    | Noticed a dread lich
 69969 | Zot:5    | Noticed an ancient lich
 69970 | Zot:5    | Killed an ancient lich
 69986 | Zot:5    | Killed a dread lich
 70637 | Zot:5    | Killed an ancient lich
 70730 | Zot:5    | Noticed an orb of fire
 70735 | Zot:5    | Killed a dread lich
 70744 | Zot:5    | Killed an orb of fire
 70863 | Zot:5    | Noticed a Killer Klown
 70871 | Zot:5    | Killed a Killer Klown
 70872 | Zot:5    | Noticed a Killer Klown
 70880 | Zot:5    | Killed a Killer Klown
 70931 | Zot:5    | Noticed a curse toe
 71125 | Zot:5    | Noticed a dread lich
 71135 | Zot:5    | Killed a dread lich
 71136 | Zot:5    | Reached skill level 15 in Evocations
 71246 | Zot:5    | Noticed an ancient lich
 71275 | Zot:5    | Noticed an orb of fire
 71283 | Zot:5    | Gained mutation: You have hidden genetic potential. [an orb
                  | of fire]
 71286 | Zot:5    | Killed an orb of fire
 71303 | Zot:5    | Killed an ancient lich
 71405 | Zot:5    | Noticed a Killer Klown
 71637 | Zot:5    | Noticed an orb of fire
 71656 | Zot:5    | Killed an orb of fire
 72006 | Zot:5    | Noticed a Killer Klown
 72019 | Zot:5    | Killed a Killer Klown
 72111 | Zot:5    | Noticed a Killer Klown
 72115 | Zot:5    | Killed a curse toe
 72231 | Zot:4    | Identified the cursed +3 ice dragon scales "Restrained
                  | Doubts" {rF- rC++, Cun, Self} (You found it on level 15 of
                  | the Dungeon)
 72639 | Zot:5    | Killed a Killer Klown
 72640 | Zot:5    | Reached XP level 27. HP: 218/226 MP: 0/0
 72640 | Zot:5    | Learned a level 9 spell: Death's Door
 72645 | Zot:5    | Noticed a dread lich
 72658 | Zot:5    | Killed a dread lich
 72787 | Zot:5    | Noticed a dread lich
 72799 | Zot:5    | Killed a dread lich
 72992 | Zot:5    | Killed a dread lich
 72995 | Zot:5    | Reached skill level 22 in Dodging
 73210 | Zot:5    | Noticed a Killer Klown
 73223 | Zot:5    | Killed a Killer Klown
 73386 | Zot:5    | Got the Orb of Zot
 74199 | Depths:1 | Noticed Jakeoplommo the pandemonium lord
 74553 | D:10     | Noticed Woluaroa the pandemonium lord
 74607 | D:8      | Noticed Yczoemao the pandemonium lord
 74801 | D:$      | Escaped with the Orb!

Illustrated notes

Levels and vault maps discovered:
D:1:      enne_arrival_octagon_isle, layout_basic,
          dreamdust_ecumenical_altar_grove, serial_shops, nicolae_shop_crystal
D:2:      layout_basic
D:3:      layout_rooms, kennysheep_slug_shrine, minmay_misc_feat_four_crosses
D:4:      layout_loops_ring, trog_ov_bears_minmay, gammafunk_ghost_grave
D:5:      layout_basic, nicolae_overflow_squiral
D:6:      layout_rooms, uniq_eustachio, uniq_duvessa
D:7:      layout_cave_pools, minmay_temple_entry_wispy,
          ebering_dispersal_statue_hall, st_stairs_2, minivault_14,
          serial_bayou_pond_a, worms_lemuel, uniq_crazy_yiuf_cottage,
          uniq_joseph
D:8:      layout_basic, uniq_pikel, uniq_prince_ribbit1, uniq_psyche
D:9:      lemuel_flame_loot_2, layout_long_grid, overflow_temple_1_default,
          minitemple, david_orc_3, serial_undead, serial_undead_d,
          serial_undead_d, serial_undead_b, serial_undead_d, serial_undead_a,
          serial_undead_c, enter_bailey_2, serial_shops,
          nicolae_shop_behind_doors
D:10:     layout_basic
D:11:     layout_basic, dpeg_lair_monsters, st_stairs_3, nzn_life_drinkers,
          uniq_lodul
D:12:     layout_irregular_city, gammafunk_ghost_ooze
D:13:     layout_irregular_city, david_vaults_4, minmay_hedge_maze
D:14:     layout_basic, interstate_on_off
D:15:     grunt_enter_depths_hoard, layout_basic, minmay_misc_feat_tower,
          uniq_nessos, uniq_kirke, uniq_louise
Lair:1:   layout_big_grid, guppyfry_lair_drakes
Lair:2:   layout_cave_pods, grunt_forest_large_clearing_hut
Lair:3:   layout_regular_city, swamp_mist, spider_nest_entry_webs,
          chequers_serial_rivers_micro_a, st_stairs_5, grunt_megastairs_4,
          uniq_amaemon
Lair:4:   layout_long_grid, disabler_island, uniq_rupert, uniq_snorg
Lair:5:   due_jungle_book, layout_big_grid, slime_entry_1, serial_bayou_shore_a,
          lemuel_fruit_tree, infiniplex_staircase_pool, serial_bayou_shore_b
Swamp:1:  layout_falls_marsh, evilmike_swamp_ruin_rubble_2
Swamp:2:  layout_basic_swamp, basic_altar, infiniplex_staircase_pool_2
Swamp:3:  layout_basic_swamp, evilmike_swamp_ruin_wall, swamp_pool1,
          nicolae_swamp_alligator_family, uniq_jorgrun, uniq_nikola
Swamp:4:  grunt_swamp_rune_castle, layout_basic_swamp, swamp_pool5
Spider:1: layout_cave_pods, ebering_ghost_xom
Spider:2: nicolae_spider_hilbert_zone_3 [nicolae_spider_hilbert_4_sides_2_open,
          nicolae_spider_hilbert_3_sides_1_open,
          nicolae_spider_hilbert_3_sides_1_open,
          nicolae_spider_hilbert_3_sides_1_open,
          nicolae_spider_hilbert_3_sides_1_open,
          nicolae_spider_hilbert_4_sides_1_open,
          nicolae_spider_hilbert_4_sides_1_open,
          nicolae_spider_hilbert_4_sides_1_open,
          nicolae_spider_hilbert_4_sides_1_open,
          nicolae_spider_hilbert_4_sides_1_open,
          nicolae_spider_hilbert_4_sides_1_open,
          nicolae_spider_hilbert_4_sides_1_open,
          nicolae_spider_hilbert_4_sides_1_open,
          nicolae_spider_hilbert_3_sides_1_open,
          nicolae_spider_hilbert_3_sides_1_open,
          nicolae_spider_hilbert_3_sides_1_open,
          nicolae_spider_hilbert_3_sides_1_open], uniq_azrael
Spider:3: layout_cave_pods, drop_trap, nicolae_crawler_farm
Spider:4: grunt_spider_rune_island
Orc:1:    layout_diamond_mine, gammafunk_ghost_abyssal_escape, basic_altar,
          mines4_lemuel, uniq_maurice
Orc:2:    grunt_orc_tribal_feast, layout_caves, mines3_lemuel
Elf:1:    layout_geoelf_octagon, serial_shops, shop_statue, special_room
          [special_room_mythical_zoo], hangedman_elven_crosses_minicolossus,
          minivault_13, grunt_megastairs_1
Vaults:1: v_misc_24, nicolae_vaults_border_crossing, vaults_mumra_minichess,
          nicolae_vaults_diagonal_hallway_7, vaults_mumra_hex, v_misc_28,
          v_misc_8, vaults_room_hangedman_quadrants, layout_vaults_quadrants,
          uniq_zenata
Vaults:2: portal_desolation_entry_holy_temple, v_misc_33, v_misc_25,
          ontoclasm_vaults_idyll, v_pattern_5, hangedman_vaults_slither,
          grunt_vaults_diagonal, v_misc_11, nicolae_vaults_mini_display_case,
          v_misc_4, nicolae_vaults_back_hallway, nicolae_vaults_rhombus_5,
          nicolae_vaults_minivaults, layout_vaults_omnibox
Vaults:3: nicolae_vaults_what_the_h, hangedman_vaults_locks,
          nicolae_vaults_gold_heap, vaults_dpeg_emergency_exit,
          minmay_crypt_entry_simple_box, vaults_dpeg_cross,
          nicolae_vaults_windows_and_doors_thing, grunt_vaults_funnel,
          ontoclasm_vaults_pinch, layout_vaults_chaotic_city
Vaults:4: nicolae_vaults_bisected_inception, ontoclasm_vaults_twist,
          grunt_vaults_bifocal, ontoclasm_vaults_shuriken,
          nicolae_vaults_network_s, ontoclasm_vaults_eye,
          nicolae_vaults_stairing_the_circle, layout_vaults_maze, serial_shops,
          nicolae_shop_waterfront, uniq_boris
Vaults:5: serial_shops, uniq_sojobo, uniq_xtahua
Crypt:1:  layout_chaotic_city, grunt_crypt_arrival_split, grunt_megastairs_3
Depths:1: layout_basic, nicolae_hexahallways, lightli_too_deep,
          rand_demon_pan_entry_1, minmay_misc_feat_secret_circle,
          nemelex_lonely_heart_becter
Depths:2: hangedman_pleasuredromes, pan_entry, hell_entry
Depths:3: minmay_crystal_thing, layout_twisted_cross, abyss_entry, hell_entry,
          kennysheep_small_spiral, rand_demon_pan_entry_4, serial_shops,
          nicolae_shop_statue_plus, eino_tiny_chamber,
          infiniplex_staircase_zigzag_4, uniq_enchantress, uniq_vv, uniq_jory
Depths:4: grunt_zot_entry_tricorne, layout_cave_pools, enter_ziggurat_e,
          nicolae_dithmenos_shadow_blocks, hell_entry, evilmike_ruin_ashenzari
Zot:1:    layout_misc_corridors, grunt_megastairs_5
Zot:2:    layout_misc_corridors, uniq_tiamat
Zot:3:    layout_basic, zot_minivault_6
Zot:4:    layout_basic
Zot:5:    layout_gridville

Skill      XL: |  1  2  3  4  5  6  7  8  9 10 11 12 13 14 15 16 17 18 19 20 21 22 23 24 25 26 27 |
---------------+----------------------------------------------------------------------------------+-----
Spellcasting   | 1 2 3 4 5 6 7 8 9 10 11 12 13 14 15 16 17 | 17.5
Fighting       | 3 4 5 6 7 8 9 11 12 13 14 15 16 17 18 19 20 21 | 21.3
Ranged Weapons | 4 5 6 7 8 9 11 12 13 14 15 | 15.8
Dodging        | 4 6 8 10 11 12 13 14 15 16 17 18 19 20 21 22 | 22.2
Armour         | 4 6 8 9 11 12 13 14 16 18 | 18.7
Evocations     | 2 5 7 9 10 11 13 14 15 | 15.8
Stealth        | |  0.7

Action                   |  1- 3 |  4- 6 |  7- 9 | 10-12 | 13-15 | 16-18 | 19-21 | 22-24 | 25-27 || total
-------------------------+-------+-------+-------+-------+-------+-------+-------+-------+-------++-------
Melee: Shortbow          |       |       |     1 |     1 |       |       |       |       |       ||     2
       Unarmed           |       |       |       |     1 |       |       |       |       |       ||     1
 Fire: Shortbow          |    79 |   177 |   330 |   737 |   312 |       |       |       |       ||  1635
       Arbalest          |       |       |       |       |   530 |   782 |   496 |   416 |   196 ||  2420
 Cast: Summon Small Mamm |     1 |       |     4 |       |       |     1 |       |       |       ||     6
       Poisonous Vapours |       |    10 |    12 |       |       |    42 |     2 |       |       ||    66
       Mephitic Cloud    |       |       |    21 |    51 |    29 |     3 |     2 |       |       ||   106
       Lightning Bolt    |       |       |       |     8 |    10 |     2 |     6 |       |       ||    26
       Death Channel     |       |       |       |       |     7 |     9 |     9 |    11 |     4 ||    40
       Leda's Liquefacti |       |       |       |       |     1 |     1 |     2 |       |       ||     4
       Haunt             |       |       |       |       |       |    63 |    78 |   184 |   176 ||   501
       Simulacrum        |       |       |       |       |       |       |   129 |   138 |    84 ||   351
       Ozocubu's Refrige |       |       |       |       |       |       |    23 |       |       ||    23
       Discord           |       |       |       |       |       |       |       |    18 |    20 ||    38
       Lehudib's Crystal |       |       |       |       |       |       |       |       |    66 ||    66
Invok: Curse Item        |       |       |     2 |     2 |     6 |     3 |     4 |     1 |     1 ||    19
       Shatter the Chain |       |       |       |     1 |     2 |     3 |     3 |     1 |     1 ||    11
 Abil: Evoke Blink       |       |       |       |       |       |       |       |     1 |     1 ||     2
Evoke: Wand              |       |       |     7 |     5 |     1 |       |    10 |    12 |       ||    35
       Condenser vane    |       |       |       |       |       |       |     2 |     1 |       ||     3
       Box of beasts     |       |       |       |       |       |       |       |     1 |       ||     1
       Phial of floods   |       |       |       |       |       |       |       |     1 |       ||     1
  Use: Scroll            |       |       |     1 |     5 |    12 |    10 |     7 |    17 |     6 ||    58
       Potion            |       |       |     1 |       |     7 |     8 |    10 |    10 |     8 ||    44
 Stab: Paralysed         |       |       |       |     1 |       |       |       |       |       ||     1
Armor: Leather armour    |    11 |    25 |    34 |    68 |    37 |    41 |     5 |       |       ||   221
       Ice dragon scales |       |       |       |       |       |       |    66 |    63 |    37 ||   166
Dodge: Dodged            |    29 |    57 |   108 |   214 |   299 |   504 |   353 |   377 |   183 ||  2124
Block: Other             |       |       |       |       |       |    27 |    47 |    62 |    22 ||   158
       Reflection        |       |       |       |       |       |     1 |     8 |     9 |       ||    18
